 Dungeon Crawl Stone Soup version 0.29-a0-303-ge4682ce883 (webtiles) character file.

Game seed: 9578644396578891595

1508 Ajdolov the Covert (level 9, -7/55 HPs)
             Began as a Kobold Brigand on Mar 26, 2022.
             Mangled by a cyan ugly thing (14 damage)
             ... on level 5 of the Dungeon.
             The game lasted 00:09:06 (5941 turns).

Ajdolov the Covert (Kobold Brigand)                 Turns: 5941, Time: 00:09:07

Health: -7/55      AC:  7    Str:  9    XL:     9   Next: 9%
Magic:  0/9        EV: 14    Int: 12    God:
Gold:   203        SH:  0    Dex: 20    Spells: 8/8 levels left

rFire   . . .      SeeInvis +   a - +2 dagger
rCold   . . .      Faith    .   (no shield)
rNeg    . . .      Spirit   +   b - +0 robe
rPois   .          Reflect  .   m - +2 helmet
rElec   .          Harm     .   c - +0 cloak
rCorr   .          Rampage  .   (no gloves)
Will    .....                   o - +0 pair of boots
Stlth   +++.......              x - amulet of guardian spirit
HPRegen 0.18/turn               q - ring of see invisible
MPRegen 0.11/turn               u - +4 ring of slaying

@: lit by a corona, glowing
A: small, no large weapons, nightstalker 3
a: no special abilities


You were on level 5 of the Dungeon.
You visited 1 branch of the dungeon, and saw 6 of its levels.

You collected 203 gold pieces.

Inventory:

Hand Weapons
 a - a +2 dagger (weapon)
 f - a +2 vorpal hunting sling
Missiles
 d - 9 poisoned darts (quivered)
 e - 2 curare-tipped darts
Armour
 b - a +0 robe (worn)
 c - a +0 cloak (worn)
 m - a +2 helmet (worn)
 o - a +0 pair of boots (worn)
Jewellery
 q - a ring of see invisible (left hand)
 r - a ring of positive energy
 u - a +4 ring of slaying (right hand)
 x - an amulet of guardian spirit (around neck)
Scrolls
 i - 4 scrolls of identify {unknown}
 l - a scroll of magic mapping {unknown}
 n - 3 scrolls of blinking {unknown}
 p - a scroll of silence {unknown}
 s - 3 scrolls of teleportation {unknown}
 v - a scroll of vulnerability {unknown}
Potions
 g - 2 potions of heal wounds {unknown}
 h - a potion of cancellation {unknown}
 j - a potion of resistance {unknown}
 k - 2 potions of curing {unknown}
 t - a potion of lignification {unknown}
 w - a potion of haste {unknown}


   Skills:
 + Level 5.9 Fighting
 - Level 10.0 Short Blades
 - Level 2.1 Throwing
 - Level 1.2 Dodging
 - Level 10.0 Stealth


You had 8 spell levels left.
You didn't know any spells.
Your spell library contained the following spells:

 Spells                   Type           Power      Damage    Failure   Level
 Pain                     Necr           0%         1d4       32%         1
 Call Canine Familiar     Summ           0%         N/A       69%         3
 Portal Projectile        Hex/Tloc       0%         N/A       69%         3
 Leda's Liquefaction      Hex/Erth       0%         N/A       97%         4
 Agony                    Necr           0%         N/A       100%        5
 Excruciating Wounds      Necr           0%         N/A       100%        5


Dungeon Overview and Level Annotations

Branches:
Dungeon (6/15)
 Temple: D:4-7

Altars:
Nemelex Xobeh

Shops:
D:2 (

Annotations:
D:6 Dowan, Duvessa


Innate Abilities, Weirdness & Mutations

You are small and have problems with some larger weapons.
You are completely attuned to the shadows.


Message History

The ufetubus hits you. x2
You hit the ufetubus.
You kill the ufetubus!
You start resting.
Magic restored.
An ice beast is nearby!
You catch the helpless ice beast completely off-guard!
You stick the ice beast like a pincushion!!!
You kill the ice beast!
HP restored.
You see here a hound corpse.
Duvessa and Dowan come into view.
Dowan is wielding a +2 dagger of flaming.
Found a robe.
Duvessa shouts!
Dowan shouts!
An ice beast comes into view.
Dowan casts a spell at you.
You are outlined in light.
A cyan ugly thing comes into view.
The cyan ugly thing gurgles horribly!
Duvessa attacks as you move away! Duvessa hits you with a +0 rapier!
Duvessa says, "Where magic fails, the sword succeeds!"
The cyan ugly thing gores you! The cyan ugly thing shocks you!
Duvessa attacks as you move away! Duvessa closely misses you.
There is a stone staircase leading up here.
The cyan ugly thing gores you. The cyan ugly thing shocks you!
* * * LOW HITPOINT WARNING * * *
You climb upwards.
There is a stone staircase leading down here.
Okay, then.
Okay, then.
Throw: throwing net
Press: ? - help, Shift-Dir - straight line, f - cyan ugly thing
Aim: a cyan ugly thing (69% to hit)
You throw a throwing net.
The throwing net completely misses the cyan ugly thing.
The cyan ugly thing gores you.
* * * LOW HITPOINT WARNING * * *
The cyan ugly thing shocks you!
You die...

#.........##..#.#.##
................#..##
#...................#
##.........###.....##
........##..##..(.###
.......##....##.....#
...........###......#
...........##...u#..#
.........######.@####
.#.......# ####
##......####
#####......## ##
#.......#### .#
##.....###.##
.#####..[.###...##
.................#
............)..###


You could see a cyan ugly thing.

Vanquished Creatures
  A hornet (D:5)
  A black bear (D:5)
  An ice beast (D:6)
  2 ogres
  A centaur (D:5)
  2 necrophages
  A gnoll sergeant (D:4)
  A bullfrog (D:6)
  2 scorpions
  2 hounds
  A gnoll shaman (D:4)
  4 iguanas
  18 gnolls
  2 adders
  A white imp (D:3)
  2 ufetubi
  8 worms
  3 dart slugs
  12 orcs
  9 ball pythons
  4 bats
  7 endoplasms
  5 giant cockroaches
  7 goblins
  11 hobgoblins
  6 jackals (D:3)
  4 quokkas
  3 frilled lizards
  6 kobolds
  3 rats
130 creatures vanquished.

Notes
Turn   | Place    | Note
-------+----------+-------------------------------------------
     0 | D:1      | Ajdolov the Kobold Brigand began the quest for the Orb.
     0 | D:1      | Reached XP level 1. HP: 12/12 MP: 1/1
   116 | D:1      | Reached XP level 2. HP: 16/17 MP: 2/2
   766 | D:1      | Reached XP level 3. HP: 19/21 MP: 3/3
   963 | D:2      | Found Hisarin's Antique Weapon Shoppe.
  1147 | D:2      | Reached XP level 4. HP: 15/26 MP: 4/4
  2406 | D:3      | Reached XP level 5. HP: 30/30 MP: 5/5
  2612 | D:3      | Found a faded altar of an unknown god.
  2922 | D:4      | Reached skill level 5 in Short Blades
  2922 | D:4      | Reached XP level 6. HP: 35/35 MP: 6/6
  3037 | D:4      | Noticed an ogre
  3061 | D:4      | Killed an ogre
  3666 | D:5      | Entered Level 5 of the Dungeon
  3828 | D:5      | Reached XP level 7. HP: 40/40 MP: 7/7
  4901 | D:5      | Reached skill level 10 in Stealth
  4901 | D:5      | Reached XP level 8. HP: 38/46 MP: 8/8
  5415 | D:5      | Noticed a hornet
  5425 | D:5      | Killed a hornet
  5471 | D:5      | Reached skill level 5 in Fighting
  5732 | D:6      | Found a sparkling altar of Nemelex Xobeh.
  5795 | D:6      | Reached XP level 9. HP: 48/54 MP: 6/9
  5804 | D:6      | Reached skill level 10 in Short Blades
  5926 | D:6      | Noticed Duvessa
  5926 | D:6      | Noticed Dowan
  5935 | D:6      | Noticed a cyan ugly thing
  5941 | D:5      | Mangled by a cyan ugly thing

Illustrated notes

Levels and vault maps discovered:
D:1:      dpeg_arrival_tiny_j, layout_basic, feat_on_display
D:2:      layout_rooms, serial_shops, shop
D:3:      layout_rooms, ebering_ecumenical_altar_petrified,
          chequers_serial_rivers_room_a
D:4:      layout_loops_ring
D:5:      layout_cave_pools, nicolae_wormholes
D:6:      hangedman_cross_stitches, layout_cave_pools,
          mainiacjoe_overflow_24_doors, lemuel_crystal_altar,
          due_unseen_surprise, uniq_duvessa

Skill      XL: |  1  2  3  4  5  6  7  8  9 |
---------------+----------------------------+-----
Short Blades   | 3 4 5 7 9 10 | 10.0
Stealth        | 6 7 8 9 10 | 10.0
Fighting       | 3 5 |  5.9
Throwing       | |  2.1
Dodging        | |  1.2

Action                   |  1- 3 |  4- 6 |  7- 9 || total
-------------------------+-------+-------+-------++-------
Melee: Dagger            |    47 |   141 |   169 ||   357
       Punch             |       |     1 |       ||     1
Throw: Dart              |       |     2 |     3 ||     5
       Throwing net      |       |       |     2 ||     2
 Stab: Sleeping          |    25 |    32 |    14 ||    71
       Distracted        |       |     2 |     2 ||     4
Armor: Robe              |     1 |    15 |    32 ||    48
Dodge: Dodged            |    13 |    65 |   111 ||   189

Table legend: (Time is in decaauts)
 A = Elapsed time spent in this place.
 B = Non-inter-level travel time spent in this place.
 C = Inter-level travel time spent in this place.
 D = Time resting spent in this place.
 E = Time spent auto-exploring this place.
 F = Levels seen in this place.
 G = Mean time per level.
                   A        B        C        D        E       F      G
               +--------+--------+--------+--------+--------+-----+--------+
         Total |   5843 |   5627 |    216 |   1993 |   2599 |   6 |  973.8 |
       Dungeon |   5843 |   5627 |    216 |   1993 |   2599 |   6 |  973.8 |
               +--------+--------+--------+--------+--------+-----+--------+

Top non-repeatable levels by time:
     D:4: 1568 daAuts
     D:5: 1376 daAuts
     D:3: 1143 daAuts
     D:1: 880 daAuts
     D:2: 669 daAuts
     D:6: 205 daAuts
